General information
- name: BNet
- type: Ladder team game (AT/RT)
- host: Battle.net
- saver: Popsicle.Pete
map: Battleground
- players: 8
- length: 37:28
- speed: Fast
- version: 1.26 W3XP
- replay type: Public
» download(170 KB)
Players
team 1 (loser)
frukt (
pink | 37 APM | 405 actions | 10:50)
2 Demon Hunter
1 Immolation
1 Evasion
» actions
| Assign group hotkey | 1 | |
| Build / train | 38 | |
| Enter build submenu | 14 | |
| Enter hero's abilities submenu | 2 | |
| Remove unit from queue | 2 | |
| Right click | 126 | |
| Select / deselect | 198 | |
| Select group hotkey | 2 | |
| Use ability | 22 | |
405 total
» units
| Wisp | 8 | |
| Archer | 5 | |
| Huntress | 2 | |
| Glaive Thrower | 1 | |
| Dryad | 14 | |
30 total
» upgrades
| Druid of the Claw Training | 1 | |
| Abolish Magic | 1 | |
2 total
» buildings
| Altar of Elders | 1 | |
| Moon Well | 4 | |
| Ancient of War | 1 | |
| Tree of Ages | 1 | |
| Hunter's Hall | 1 | |
| Ancient of Lore | 3 | |
11 total
» build order
00:05 Altar of Elders
00:07 Moon Well
00:27 Ancient of War
02:37 Tree of Ages
04:23 Moon Well
04:27 Moon Well
05:05 Hunter's Hall
06:15 Ancient of Lore
06:18 Ancient of Lore
06:29 Ancient of Lore
07:09 Moon Well
GOKU-OWNS-BULMA (
red | 58 APM | 2186 actions | 37:27)
8 Blademaster
3 Wind Walk
3 Critical Strike
1 Bladestorm
1 Mirror Image
» actions
| Assign group hotkey | 41 | |
| Basic commands | 7 | |
| Build / train | 90 | |
| Enter build submenu | 22 | |
| Enter hero's abilities submenu | 8 | |
| Give item / drop item | 4 | |
| Right click | 940 | |
| Select / deselect | 307 | |
| Select group hotkey | 620 | |
| Use ability | 147 | |
2186 total
» units
| Peon | 16 | |
| Grunt | 3 | |
| Crypt Fiend | 8 | |
| Wind Rider | 8 | |
| Troll Batrider | 4 | |
| Raider | 4 | |
43 total
» upgrades
| Web | 1 | |
| Burrow | 1 | |
| Reinforced Defenses | 1 | |
| Envenomed Spears | 1 | |
| Ranged Weapons | 1 | |
| Liquid Fire | 1 | |
| Ensnare | 1 | |
7 total
» buildings
| Altar of Storms | 1 | |
| Orc Burrow | 7 | |
| Barracks | 1 | |
| Nerubian Tower | 4 | |
| Graveyard | 1 | |
| Stronghold | 1 | |
| Voodoo Lounge | 1 | |
| Halls of the Dead | 1 | |
| Ziggurat | 3 | |
| Crypt | 1 | |
| War Mill | 1 | |
| Beastiary | 2 | |
| Watch Tower | 16 | |
| Great Hall | 4 | |
| Black Citadel | 1 | |
| Fortress | 1 | |
46 total
» build order
00:11 Altar of Storms
00:17 Orc Burrow
00:37 Barracks
01:24 Orc Burrow
01:57 Nerubian Tower
02:24 Graveyard
02:42 Stronghold
03:02 Voodoo Lounge
03:21 Halls of the Dead
03:26 Ziggurat
03:26 Ziggurat
03:39 Crypt
03:41 Nerubian Tower
03:51 War Mill
03:54 Orc Burrow
03:54 Orc Burrow
04:08 Ziggurat
05:06 Beastiary
05:08 Beastiary
06:04 Watch Tower
06:05 Watch Tower
06:06 Watch Tower
07:13 Great Hall
07:37 Black Citadel
07:56 Fortress
08:24 Watch Tower
08:26 Watch Tower
10:28 Nerubian Tower
12:14 Watch Tower
12:14 Watch Tower
12:15 Watch Tower
12:16 Watch Tower
12:16 Watch Tower
13:10 Orc Burrow
13:10 Orc Burrow
13:11 Orc Burrow
15:03 Watch Tower
15:03 Watch Tower
17:28 Watch Tower
17:29 Watch Tower
17:29 Watch Tower
20:22 Great Hall
21:43 Great Hall
21:48 Great Hall
» items
| Healing Salve | 2 | |
| Scroll of Town Portal | 1 | |
| Orb of Lightning | 1 | |
| Potion of Healing | 2 | |
| Dust of Appearance | 1 | |
| Rod of Necromancy | 1 | |
| Tiny Great Hall | 1 | |
| Potion of Lesser Invulnerability | 3 | |
| Boots of Speed | 1 | |
| Scroll of Healing | 5 | |
| Lesser Clarity Potion | 2 | |
| Potion of Mana | 2 | |
22 total
FallOfIdeals (
blue | 30 APM | 54 actions | 01:49)
» actions
| Build / train | 5 | |
| Enter build submenu | 6 | |
| Right click | 22 | |
| Select / deselect | 16 | |
| Use ability | 5 | |
54 total
» units
» buildings
| Crypt | 1 | |
| Altar of Darkness | 1 | |
| Ziggurat | 2 | |
| Tomb of Relics | 1 | |
5 total
» build order
00:09 Crypt
00:16 Altar of Darkness
00:25 Ziggurat
01:03 Tomb of Relics
01:29 Ziggurat
Lant (
green | 17 APM | 239 actions | 14:02)
team 2 (winner)

»
darkterror (
teal | 26 APM | 543 actions | 21:06)
3 Blademaster
2 Wind Walk
1 Critical Strike
» actions
| Assign group hotkey | 5 | |
| Basic commands | 49 | |
| Build / train | 45 | |
| ESC pressed | 1 | |
| Enter build submenu | 19 | |
| Enter hero's abilities submenu | 3 | |
| Give item / drop item | 2 | |
| Right click | 135 | |
| Select / deselect | 197 | |
| Select group hotkey | 31 | |
| Use ability | 56 | |
543 total
» units
| Peon | 9 | |
| Grunt | 6 | |
| Tauren | 5 | |
| Shaman | 3 | |
| Troll Witch Doctor | 3 | |
| Demolisher | 2 | |
28 total
» upgrades
| Pillage | 1 | |
| Melee Weapons | 1 | |
| Armor | 1 | |
| Spiked Barricades | 1 | |
| Shaman Training | 2 | |
| Witch Doctor Training | 2 | |
| Burning Oil | 1 | |
9 total
» buildings
| Orc Burrow | 10 | |
| Altar of Storms | 1 | |
| Barracks | 2 | |
| War Mill | 2 | |
| Stronghold | 2 | |
| Voodoo Lounge | 1 | |
| Fortress | 1 | |
| Spirit Lodge | 1 | |
| Tauren Totem | 2 | |
| Great Hall | 1 | |
23 total
» build order
00:26 Orc Burrow
00:45 Altar of Storms
00:54 Barracks
01:43 War Mill
01:54 Orc Burrow
02:00 Orc Burrow
02:50 Barracks
03:39 Orc Burrow
04:20 Orc Burrow
05:15 Stronghold
05:55 Voodoo Lounge
06:05 Stronghold
08:28 Fortress
08:32 Spirit Lodge
11:27 Tauren Totem
11:31 Tauren Totem
13:13 War Mill
14:37 Orc Burrow
15:23 Orc Burrow
15:25 Orc Burrow
16:25 Orc Burrow
16:26 Orc Burrow
17:29 Great Hall
» items
TheHandOfTyr (
orange | 48 APM | 1794 actions | 37:27)
7 Archmage
3 Summon Water Elemental
3 Brilliance Aura
1 Mass Teleport
» actions
| Assign group hotkey | 86 | |
| Basic commands | 162 | |
| Build / train | 58 | |
| Enter build submenu | 29 | |
| Enter hero's abilities submenu | 7 | |
| Give item / drop item | 4 | |
| Right click | 606 | |
| Select / deselect | 417 | |
| Select group hotkey | 364 | |
| Use ability | 61 | |
1794 total
» units
| Peasant | 14 | |
| Footman | 2 | |
| Rifleman | 18 | |
| Forest Troll Shadow Priest | 1 | |
35 total
» upgrades
| Gunpowder | 3 | |
| Armor | 3 | |
| Lumber Harvesting | 2 | |
| Long Rifles | 1 | |
9 total
» buildings
| Altar of Kings | 1 | |
| Barracks | 2 | |
| Farm | 25 | |
| Blacksmith | 1 | |
| Arcane Vault | 1 | |
| Lumber Mill | 1 | |
| Town Hall | 2 | |
| Keep | 1 | |
| Castle | 1 | |
35 total
» build order
00:44 Altar of Kings
00:46 Barracks
00:51 Farm
01:05 Farm
01:55 Blacksmith
02:33 Farm
02:37 Barracks
03:35 Farm
03:37 Farm
05:16 Arcane Vault
05:19 Lumber Mill
05:48 Farm
05:49 Farm
07:45 Town Hall
08:55 Keep
10:05 Town Hall
14:27 Farm
14:27 Farm
16:22 Castle
16:28 Farm
30:45 Farm
30:45 Farm
30:46 Farm
30:46 Farm
30:47 Farm
30:49 Farm
30:49 Farm
30:50 Farm
30:58 Farm
32:07 Farm
32:08 Farm
32:08 Farm
32:16 Farm
32:44 Farm
32:50 Farm
» items
| Scroll of Regeneration | 2 | |
| Staff of Teleportation | 1 | |
| Dust of Appearance | 1 | |
4 total
Popsicle.Pete (
yellow | 64 APM | 2401 actions | 37:28)
9 Archmage
3 Blizzard
3 Brilliance Aura
1 Mass Teleport
2 Summon Water Elemental
» actions
| Assign group hotkey | 143 | |
| Basic commands | 109 | |
| Build / train | 81 | |
| Enter build submenu | 23 | |
| Enter hero's abilities submenu | 9 | |
| Give item / drop item | 10 | |
| Remove unit from queue | 1 | |
| Right click | 1133 | |
| Select / deselect | 435 | |
| Select group hotkey | 383 | |
| Use ability | 72 | |
2401 total
» units
| Peasant | 8 | |
| Footman | 6 | |
| Gryphon Rider | 15 | |
| Dragonhawk Rider | 3 | |
32 total
» upgrades
| Masonry | 3 | |
| Swords | 3 | |
| Armor | 3 | |
| Lumber Harvesting | 2 | |
| Animal War Training | 1 | |
| Storm Hammers | 1 | |
| Cloud | 1 | |
14 total
» buildings
| Altar of Kings | 1 | |
| Farm | 9 | |
| Barracks | 1 | |
| Scout Tower | 5 | |
| Arcane Tower | 1 | |
| Keep | 1 | |
| Lumber Mill | 1 | |
| Blacksmith | 1 | |
| Castle | 1 | |
| Gryphon Aviary | 2 | |
| Town Hall | 1 | |
| Arcane Vault | 1 | |
| Guard Tower | 5 | |
30 total
» build order
00:04 Altar of Kings
00:05 Farm
00:09 Farm
00:31 Barracks
01:44 Scout Tower
01:59 Farm
02:13 Arcane Tower
02:51 Farm
04:34 Keep
05:21 Lumber Mill
05:24 Blacksmith
07:45 Castle
10:15 Gryphon Aviary
10:17 Gryphon Aviary
12:49 Farm
12:54 Farm
16:54 Farm
16:56 Farm
20:44 Town Hall
22:39 Farm
22:54 Scout Tower
22:55 Scout Tower
23:00 Scout Tower
23:03 Scout Tower
23:19 Arcane Vault
23:26 Guard Tower
23:26 Guard Tower
23:40 Guard Tower
23:49 Guard Tower
26:20 Guard Tower
» items
| Boots of Speed | 1 | |
| Staff of Teleportation | 1 | |
| Periapt of Vitality | 2 | |
| Orb of Lightning | 1 | |
| Scroll of Regeneration | 3 | |
| Scroll of Town Portal | 1 | |
| Orb of Fire | 1 | |
| Dust of Appearance | 2 | |
12 total
C0BRA_187 (
purple | 42 APM | 1555 actions | 37:27)
4 Blademaster
2 Critical Strike
2 Wind Walk
3 Shadow Hunter
2 Healing Wave
1 Hex
2 Tauren Chieftain
1 Endurance Aura
1 War Stomp
» actions
| Assign group hotkey | 29 | |
| Basic commands | 7 | |
| Build / train | 64 | |
| Enter build submenu | 18 | |
| Enter hero's abilities submenu | 9 | |
| Give item / drop item | 2 | |
| Right click | 783 | |
| Select / deselect | 271 | |
| Select group hotkey | 324 | |
| Use ability | 48 | |
1555 total
» units
| Peon | 11 | |
| Grunt | 10 | |
| Shaman | 4 | |
| Troll Witch Doctor | 4 | |
29 total
» upgrades
| Shaman Training | 2 | |
| Witch Doctor Training | 2 | |
| Pillage | 1 | |
5 total
» buildings
| Orc Burrow | 8 | |
| Barracks | 1 | |
| Altar of Storms | 1 | |
| Stronghold | 1 | |
| Voodoo Lounge | 1 | |
| Fortress | 2 | |
| Spirit Lodge | 3 | |
17 total
» build order
00:20 Orc Burrow
00:38 Barracks
01:04 Altar of Storms
01:12 Orc Burrow
02:18 Orc Burrow
03:24 Stronghold
04:15 Voodoo Lounge
04:43 Orc Burrow
06:19 Fortress
06:22 Spirit Lodge
06:27 Spirit Lodge
07:51 Spirit Lodge
11:37 Orc Burrow
12:27 Orc Burrow
12:33 Orc Burrow
13:57 Orc Burrow
Chat log
(00:15 / All) TheHandOfTyr: Hey dudes
(00:17 / All) TheHandOfTyr: What's up?
(00:19 / All) Popsicle.Pete: Sup chicks
(00:25 / All) Popsicle.Pete: The ceiling bro
(00:40 / All) TheHandOfTyr: What are you wearing?
(00:52 / All) Popsicle.Pete: A gas mask and combat anorak parka
(01:33 / All) Popsicle.Pete: I actually do have a gask mask and combat anorak parka, but I'm not wearing them right now
(02:41 / Allies) darkterror: rush?
(11:51 / Allies) Popsicle.Pete: wood
(12:21 / Allies) Popsicle.Pete: wood please purp
(12:36 / Allies) Popsicle.Pete: purp you have 400 wood, I am making gryphons
(13:02 / Allies) TheHandOfTyr: get dust
(13:04 / Allies) TheHandOfTyr: then get back to me
(13:25 / Allies) Popsicle.Pete: purple give me wood god damn
(14:11 / Allies) Popsicle.Pete: wood purple
(14:18 / Allies) Popsicle.Pete: purple you have 500 wood
(14:21 / Allies) Popsicle.Pete: and you're not using it
(14:23 / Allies) Popsicle.Pete: wood me
(17:24 / Allies) Popsicle.Pete: wood me purple
(17:41 / All) Popsicle.Pete: PURP IS BSER
(17:48 / All) TheHandOfTyr: wtf purple
(18:05 / All) TheHandOfTyr: faggot
(18:17 / All) TheHandOfTyr: you might win my own team is fighting each other!
(18:27 / All) Popsicle.Pete: stupid fucking backstabber purple
(18:44 / All) TheHandOfTyr: OMFG RED IS TOO GOOD
(18:46 / All) TheHandOfTyr: WE ARE DOOMED
(18:50 / All) Popsicle.Pete: fuck
(19:15 / All) Popsicle.Pete: stupid noob purp you are ruining wc3
(19:35 / All) TheHandOfTyr: I REPORT YOUR CD-KEY SAY GOODBYE TO IT
(19:42 / All) TheHandOfTyr: YOU WILL NEVER BE ABLE TO BE ON THE BATTLE NET AGAIN
(19:47 / All) TheHandOfTyr: BLIZZARD ROCKS IMO
(19:47 / All) Popsicle.Pete: say goodbye to wc3 purple, no more wc3 ladder for you!
(20:07 / Allies) darkterror: .....
(20:09 / All) darkterror: gg
(20:16 / All) Popsicle.Pete: gg fucking purple noob
(21:14 / All) Popsicle.Pete: leave purple you lost us the game
(21:26 / All) GOKU-OWNS-BULMA: u suck purple wow
(21:28 / All) GOKU-OWNS-BULMA: u got raped
(21:41 / All) TheHandOfTyr: PURPLE IS BIG BUTTHEAD
(23:43 / All) GOKU-OWNS-BULMA: diablo 3 coming to consoles !
(24:33 / All) TheHandOfTyr: RUN PANSY
(25:00 / All) TheHandOfTyr: Ya yellowbelly cowardly shitstain!
(25:04 / All) TheHandOfTyr: Come fight me like a man!
(28:37 / All) GOKU-OWNS-BULMA: raped
(28:43 / All) TheHandOfTyr: Pretty dumb
(28:49 / All) TheHandOfTyr: Now I can't mass tp
(28:52 / All) TheHandOfTyr: and you have to wait longer
(29:10 / All) GOKU-OWNS-BULMA: yes that was dumb
(29:15 / All) GOKU-OWNS-BULMA: the ends justify the means
(29:26 / All) Popsicle.Pete: do not say that, you are not a bat rider
(30:01 / Allies) TheHandOfTyr: I say we rape his base
(30:06 / All) GOKU-OWNS-BULMA: because a tavern rezz isn't possible
(30:11 / Allies) Popsicle.Pete: good idea
(30:16 / Allies) Popsicle.Pete: leave 1 building of his
(30:17 / Allies) Popsicle.Pete: or 2
(30:32 / Allies) TheHandOfTyr: you have cloud?
(30:36 / Allies) Popsicle.Pete: yes
(30:40 / Allies) TheHandOfTyr: alright
(31:08 / Allies) Popsicle.Pete: wait for me
(32:21 / All) Popsicle.Pete: I only lost 1 gryphon negro
(32:28 / All) Popsicle.Pete: We wil leave 1 of your buildings so we can kill our shit
(33:36 / All) Popsicle.Pete: Cobra, we raped you in our previous game and uploaded it to highper.ch
(33:38 / All) TheHandOfTyr: Fucking scoundrel
(33:41 / All) Popsicle.Pete: We will do that with this game too!
(33:49 / All) GOKU-OWNS-BULMA: is purple even talking
(33:52 / All) Popsicle.Pete: No
(33:58 / All) Popsicle.Pete: He is probably AFK begging for the win
(34:07 / Allies) TheHandOfTyr: buy some dust let's rape this fucking bm
(34:08 / All) Popsicle.Pete: Just my sexpo left
(34:21 / Allies) Popsicle.Pete: no hall, shop I guess
(35:15 / Allies) TheHandOfTyr: reveal again up there
(35:16 / All) Popsicle.Pete: god damn
(35:43 / Allies) Popsicle.Pete: need to buy more dust
(35:47 / Allies) TheHandOfTyr: he caught my AM when I was queing my own destruction
(36:37 / All) Popsicle.Pete: we want your bm nigger
(37:06 / All) Popsicle.Pete: k our team loses
(37:10 / All) Popsicle.Pete: purple is a massive faggot
(37:20 / All) GOKU-OWNS-BULMA: he is
(37:27 / All) Popsicle.Pete: and a jew